Workbook
Name _Toc142041533: 'analisis int diseños fase 3'!$A$634
Name _Toc143694497: 'analisis int diseños fase 3'!#REF!
Name _Toc143694537: 'analisis int diseños fase 3'!#REF!
Name _Toc143694561: 'analisis int diseños fase 3'!$A$308
Name _Toc144106979: 'analisis int diseños fase 3'!$A$119
Name _Toc144106980: 'analisis int diseños fase 3'!$A$125
Name _Toc144106982: 'analisis int diseños fase 3'!$A$133
Name _Toc144106983: 'analisis int diseños fase 3'!$A$136
Name _Toc144106984: 'analisis int diseños fase 3'!$A$138
Name _Toc144106985: 'analisis int diseños fase 3'!#REF!
Name _Toc144106986: 'analisis int diseños fase 3'!#REF!
Name _Toc144106987: 'analisis int diseños fase 3'!#REF!
Name _Toc144106988: 'analisis int diseños fase 3'!#REF!
Name _Toc144106989: 'analisis int diseños fase 3'!#REF!
Name _Toc144106990: 'analisis int diseños fase 3'!$A$153
Name _Toc144106991: 'analisis int diseños fase 3'!$A$157
Name _Toc144106992: 'analisis int diseños fase 3'!#REF!
Name _Toc144106993: 'analisis int diseños fase 3'!#REF!
Name _Toc144106994: 'analisis int diseños fase 3'!#REF!
Name _Toc144106995: 'analisis int diseños fase 3'!#REF!
Name _Toc144106996: 'analisis int diseños fase 3'!#REF!
Name _Toc144106997: 'analisis int diseños fase 3'!#REF!
Name _Toc144106998: 'analisis int diseños fase 3'!$A$163
Name _Toc144106999: 'analisis int diseños fase 3'!$A$167
Name _Toc144107000: 'analisis int diseños fase 3'!$A$176
Name _Toc144107001: 'analisis int diseños fase 3'!#REF!
Name _Toc144107002: 'analisis int diseños fase 3'!#REF!
Name _Toc144107003: 'analisis int diseños fase 3'!#REF!
Name _Toc144107004: 'analisis int diseños fase 3'!#REF!
Name _Toc144107005: 'analisis int diseños fase 3'!#REF!
Name _Toc144107006: 'analisis int diseños fase 3'!#REF!
Name _Toc144107007: 'analisis int diseños fase 3'!$A$188
Name _Toc144107008: 'analisis int diseños fase 3'!$A$191
Name _Toc144107009: 'analisis int diseños fase 3'!#REF!
Name _Toc144107010: 'analisis int diseños fase 3'!#REF!
Name _Toc144107011: 'analisis int diseños fase 3'!#REF!
Name _Toc144107012: 'analisis int diseños fase 3'!#REF!
Name _Toc144107013: 'analisis int diseños fase 3'!#REF!
Name _Toc144107014: 'analisis int diseños fase 3'!#REF!
Name _Toc144107015: 'analisis int diseños fase 3'!#REF!
Name _Toc144107016: 'analisis int diseños fase 3'!#REF!
Name _Toc144107017: 'analisis int diseños fase 3'!#REF!
Name _Toc144107018: 'analisis int diseños fase 3'!#REF!
Name _Toc144107019: 'analisis int diseños fase 3'!#REF!
Name _Toc144107020: 'analisis int diseños fase 3'!#REF!
Name _Toc144107021: 'analisis int diseños fase 3'!#REF!
Name _Toc144107022: 'analisis int diseños fase 3'!#REF!
Name _Toc144107023: 'analisis int diseños fase 3'!#REF!
Name _Toc144107024: 'analisis int diseños fase 3'!#REF!
Name _Toc144107025: 'analisis int diseños fase 3'!#REF!
Name _Toc144107026: 'analisis int diseños fase 3'!$A$198
Name _Toc144107027: 'analisis int diseños fase 3'!$A$200
Name _Toc144107028: 'analisis int diseños fase 3'!$A$203
Name _Toc144107029: 'analisis int diseños fase 3'!#REF!
Name _Toc144107030: 'analisis int diseños fase 3'!$A$205
Name _Toc144107031: 'analisis int diseños fase 3'!$A$207
Name _Toc144107032: 'analisis int diseños fase 3'!#REF!
Name _Toc144107033: 'analisis int diseños fase 3'!#REF!
Name _Toc144107034: 'analisis int diseños fase 3'!$A$230
Name _Toc144107035: 'analisis int diseños fase 3'!$A$232

Sheet FACTOR MULTIPLICADOR
A1: FACTOR MULTIPLICADOR
A2: “INTERVENTORÍA TÉCNICA, ADMINISTRATIVA, JURÍDICA Y FINANCIERA AL ESTUDIO DE ALTERNATIVAS Y DISEÑO DEFINITIVO FASE 3 DE LA MEJOR INFRAESTRUCTURA VIAL PARA MEJORAR LA MOVILIDAD EN LA AVENIDA KEVIN ANGEL ENTRE EL SECTOR DE SAN RAFAEL Y AGUAS DE MANIZALES EN AMBOS SENTIDOS
A4: 1. | B4: Salarios y Prestaciones Sociales de Personal Facturable
A5: 1.1. | B5: Salarios | I5: 1
A6: 1.2. | B6: Prima anual (legal) | I6: 0.083333333
A7: 1.3. | B7: Cesantías | I7: 0.083333333
A8: 1.4. | B8: Intereses de las cesantías | I8: 0.01
A9: 1.5. | B9: Vacaciones | I9: 0.041666667 | S9: 12,5 salud y pension 16
A10: 1.6. | B10: Seguridad Social (salud + pensión) | I10: 0.12 | S10: 8,5 salud y pensión 12
A11: 1.7. | B11: Caja de Compensación Familiar | I11: 0.04
A12: 1.8. | B12: ARL | I12: 0.0696
A13: 1.9. | B13: Sena | I13: 0.02
A14: 1.10. | B14: ICBF | I14: 0
A15: 1.11. | B15: Otros (Auxilios varios, prestaciones extralegales, Indemnización por despido, Incapacidades no cubiertas, examenes de ingreso y egreso) | I15: 0.0226
A16: 1.12. | B16: Dotación | I16: 0.06
F17: Sub-total | I17: 1.5505333
A19: 2 | B19: Gastos Generales
A20: 2.1 | B20: Equipos y mantenimiento Oficina | I20: 0.02
A21: 2.2 | B21: Gastos de vehículo | I21: 0.01
A22: 2.3 | B22: Seguros de robo e incendio | I22: 0.005
A23: 2.4 | B23: Costos de personal Administrativo no facturable | I23: 0.01
A24: 2.5 | B24: Asesorias Profesionales en otras areas, no facturable | I24: 0.01
A25: 2.6 | B25: Depreciación de muebles y equipos | I25: 0.005
A26: 2.7 | B26: Actualización tecnologica (Sofware, correo electronico, etc). | I26: 0.02
A27: 2.8 | B27: Gastos bancarios | I27: 0.0048
A28: 2.9 | B28: Gastos de Representación | I28: 0.01
A29: 2.1 | B29: Asesoria Contable Tributaria y Juridica | I29: 0.035
F30: Sub-total | I30: 0.1298
A32: 3 | B32: Costos Directos no Reembolsables
A33: 3.01 | B33: Garantia de seriedad | I33: 0.0004
A34: 3.02 | B34: Poliza de Calidad | I34: 0.00605 | J34: 0.24
A35: 3.03 | B35: Póliza Cumplimiento | I35: 0.0121
A36: 3.04 | B36: Póliza Salarios y prestaciones Sociales | I36: 0.03025
A37: 3.05 | B37: Póliza buen manejo y correcta inversión del anticipo | I37: 0
A38: 3.06 | B38: Estampillas Pro Universidad | I38: 0.02
A39: 3.07 | B39: Estampillas Pro Adulto Mayor | I39: 0.02
A40: 3.08 | B40: Estampilla pro cultura | I40: 0.02
A41: 3.09 | B41: Tasa pro deporte y recreación | I41: 0.005
A42: 3.1 | B42: Estampilla Pro justicia familiar (Acuerdo No 1156 30/01/2024) | I42: 0.02
A43: 3.11 | B43: Impuesto de industria y comercio | I43: 0.0035
A44: 3.12 | B44: Acompañamiento posterior a la entrega | I44: 0.1
F45: Sub-total | I45: 0.2373
A48: 4 | B48: Honorarios (Utilidad del consultor y costos no previstos) | F48: Sub-total | I48: 0.26
A51: F. M T O T A L CALCULADO | I51: 2.1776333
A53: F. M T O T A L ASUMIDO | I53: 2.18

Sheet analisis int diseños fase 3
A1: =+'FACTOR MULTIPLICADOR'!A2 -> “INTERVENTORÍA TÉCNICA, ADMINISTRATIVA, JURÍDICA Y FINANCIERA AL ESTUDIO DE ALTERNATIVAS Y DISEÑO DEFINITIVO FASE 3 DE LA MEJOR INFRAESTRUCTURA VIAL PARA MEJORAR LA MOVILIDAD EN LA AVENIDA KEVIN ANGEL ENTRE EL SECTOR DE SAN RAFAEL Y AGUAS DE MANIZALES EN AMBOS SENTIDOS
J3: PLAZO: 5 MESES
A4: PRESUPUESTO OFICIAL
A5: Levantamiento topografico
A6: PERSONAL PROFESIONAL (1)
A7: CONCEPTO | B7: A | C7: A | D7: B | F7: C | G7: D | H7: E | J7: F
A8: Personal Profesional | B8: CANTIDAD | C8: SUELDO BÁSICO | D8: % DEDICACIÓN | F8: FACTOR MULT. | G8: VALOR MES (AxBxC) | H8: No DE MESES | J8: TOTAL (DxE)
A9: Director de interventorÍa | B9: 1 | C9: 6710444 | D9: 0.1 | F9: 2.18 | G9: =ROUND(C9*D9*F9*B9,0) -> 1462877 | H9: 1 | J9: =ROUND(G9*H9,0) -> 1462877
A10: topografo | B10: 1 | C10: 3200000 | D10: 0.2 | F10: 2.18 | G10: =ROUND(C10*D10*F10*B10,0) -> 1395200 | H10: 1 | J10: =ROUND(G10*H10,0) -> 1395200
A12: SUBTOTAL COSTO PERSONAL PROFESIONAL (1) | J12: =SUM(J9:K11) -> 2858077
A14: OTROS COSTOS DIRECTOS (4)
A15: Otros Costos Directos | B15: CANTIDAD | E15: No DE MESES | H15: VR UNITARIO | J15: VALOR TOTAL
A16: Edición de informes, papelería, reproducción de documentos, planos, fotografías, videos, etc. | B16: 1 | E16: 1 | H16: 250000 | J16: =ROUND(E16*H16,0) -> 250000
A17: Comunicaciones (telefonía fija y/o celular, fax,correo, internet, etc) | B17: 1 | E17: 1 | H17: 100000 | J17: =ROUND(E17*H17,0) -> 100000
A19: SUBTOTAL COSTOS DIRECTOS VARIABLES (2) | J19: =SUM(J16:K18) -> 350000
A21: SUBTOTAL COSTOS interventoria levantamiento topografico | J21: =+J12+J19 -> 3208077
A24: Estudio de transito
A25: PERSONAL PROFESIONAL (1)
A26: CONCEPTO | B26: A | C26: A | D26: B | F26: C | G26: D | H26: E | J26: F
A27: Personal Profesional | B27: CANTIDAD | C27: SUELDO BÁSICO | D27: % DEDICACIÓN | F27: FACTOR MULT. | G27: VALOR MES (AxBxC) | H27: No DE MESES | J27: TOTAL (DxE)
A28: Director de interventorÍa | B28: 1 | C28: =+$C$9 -> 6710444 | D28: 0.1 | F28: 2.18 | G28: =ROUND(C28*D28*F28*B28,0) -> 1462877 | H28: 1.5 | J28: =ROUND(G28*H28,0) -> 2194316
A29: Especialista | B29: 1 | C29: =+$C$9 -> 6710444 | D29: 0.25 | F29: 2.18 | G29: =ROUND(C29*D29*F29*B29,0) -> 3657192 | H29: 1.5 | J29: =ROUND(G29*H29,0) -> 5485788
A31: SUBTOTAL COSTO PERSONAL PROFESIONAL (1) | J31: =SUM(J28:K30) -> 7680104
A33: OTROS COSTOS DIRECTOS (4)
A34: Otros Costos Directos | B34: CANTIDAD | E34: No DE MESES | H34: VR UNITARIO | J34: VALOR TOTAL
A35: Edición de informes, papelería, reproducción de documentos, planos, fotografías, videos, etc. | B35: 1 | E35: 1 | H35: 250000 | J35: =ROUND(E35*H35,0) -> 250000
A36: Comunicaciones (telefonía fija y/o celular, fax,correo, internet, etc) | B36: 1 | E36: 1 | H36: 100000 | J36: =ROUND(E36*H36,0) -> 100000
A38: SUBTOTAL COSTOS DIRECTOS VARIABLES (2) | J38: =SUM(J35:K37) -> 350000
A40: SUBTOTAL COSTOS interventoria estudio de transito | J40: =+J31+J38 -> 8030104
A44: Estudio de trazados y diseño geometrico
A45: PERSONAL PROFESIONAL (1)
A46: CONCEPTO | B46: A | C46: A | D46: B | F46: C | G46: D | H46: E | J46: F
A47: Personal Profesional | B47: CANTIDAD | C47: SUELDO BÁSICO | D47: % DEDICACIÓN | F47: FACTOR MULT. | G47: VALOR MES (AxBxC) | H47: No DE MESES | J47: TOTAL (DxE)
A48: Director de interventorÍa | B48: 1 | C48: =+$C$9 -> 6710444 | D48: 0.1 | F48: 2.18 | G48: =ROUND(C48*D48*F48*B48,0) -> 1462877 | H48: 1 | J48: =ROUND(G48*H48,0) -> 1462877
A49: Especialista en diseño vias | B49: 1 | C49: =+$C$9 -> 6710444 | D49: 0.25 | F49: 2.18 | G49: =ROUND(C49*D49*F49*B49,0) -> 3657192 | H49: 1 | J49: =ROUND(G49*H49,0) -> 3657192
A51: SUBTOTAL COSTO PERSONAL PROFESIONAL (1) | J51: =SUM(J48:K50) -> 5120069
A53: OTROS COSTOS DIRECTOS (4)
A54: Otros Costos Directos | B54: CANTIDAD | E54: No DE MESES | H54: VR UNITARIO | J54: VALOR TOTAL
A55: Edición de informes, papelería, reproducción de documentos, planos, fotografías, videos, etc. | B55: 1 | E55: 1 | H55: 250000 | J55: =ROUND(E55*H55,0) -> 250000
A56: Comunicaciones (telefonía fija y/o celular, fax,correo, internet, etc) | B56: 1 | E56: 1 | H56: 100000 | J56: =ROUND(E56*H56,0) -> 100000
A58: SUBTOTAL COSTOS DIRECTOS VARIABLES (2) | J58: =SUM(J55:K57) -> 350000
A60: SUBTOTAL COSTOS interventoria estudio de trazados y diseño geometrico | J60: =+J51+J58 -> 5470069
A63: Estudio de suelos y diseño de fundaciones
A64: PERSONAL PROFESIONAL (1)
A65: CONCEPTO | B65: A | C65: A | D65: B | F65: C | G65: D | H65: E | J65: F
A66: Personal Profesional | B66: CANTIDAD | C66: SUELDO BÁSICO | D66: % DEDICACIÓN | F66: FACTOR MULT. | G66: VALOR MES (AxBxC) | H66: No DE MESES | J66: TOTAL (DxE)
A67: Director de interventorÍa | B67: 1 | C67: =+$C$9 -> 6710444 | D67: 0.1 | F67: 2.18 | G67: =ROUND(C67*D67*F67*B67,0) -> 1462877 | H67: 0.3 | J67: =ROUND(G67*H67,0) -> 438863
A68: Especialista en geotecnia | B68: 1 | C68: =+$C$9 -> 6710444 | D68: 0.2 | F68: 2.18 | G68: =ROUND(C68*D68*F68*B68,0) -> 2925754 | H68: 1 | J68: =ROUND(G68*H68,0) -> 2925754
A70: SUBTOTAL COSTO PERSONAL PROFESIONAL (1) | J70: =SUM(J67:K69) -> 3364617
A72: OTROS COSTOS DIRECTOS (4)
A73: Otros Costos Directos | B73: CANTIDAD | E73: No DE MESES | H73: VR UNITARIO | J73: VALOR TOTAL
A74: Edición de informes, papelería, reproducción de documentos, planos, fotografías, videos, etc. | B74: 1 | E74: 1 | H74: 250000 | J74: =ROUND(E74*H74,0) -> 250000
A75: Comunicaciones (telefonía fija y/o celular, fax,correo, internet, etc) | B75: 1 | E75: 1 | H75: 100000 | J75: =ROUND(E75*H75,0) -> 100000
A77: SUBTOTAL COSTOS DIRECTOS VARIABLES (2) | J77: =SUM(J74:K76) -> 350000
A79: SUBTOTAL COSTOS interventoria Estudio de suelos y diseño de fundaciones | J79: =+J70+J77 -> 3714617
A83: Geológicos y geomorfológicos, estabilidad de taludes, terraplenes y puntos críticos
A84: PERSONAL PROFESIONAL (1)
A85: CONCEPTO | B85: A | C85: A | D85: B | F85: C | G85: D | H85: E | J85: F
A86: Personal Profesional | B86: CANTIDAD | C86: SUELDO BÁSICO | D86: % DEDICACIÓN | F86: FACTOR MULT. | G86: VALOR MES (AxBxC) | H86: No DE MESES | J86: TOTAL (DxE)
A87: Director de interventorÍa | B87: 1 | C87: =+$C$9 -> 6710444 | D87: 0.1 | F87: 2.18 | G87: =ROUND(C87*D87*F87*B87,0) -> 1462877 | H87: 0.3 | J87: =ROUND(G87*H87,0) -> 438863
A88: Especialista en geotecnia | B88: 1 | C88: =+$C$9 -> 6710444 | D88: 0.2 | F88: 2.18 | G88: =ROUND(C88*D88*F88*B88,0) -> 2925754 | H88: 0.5 | J88: =ROUND(G88*H88,0) -> 1462877
A90: SUBTOTAL COSTO PERSONAL PROFESIONAL (1) | J90: =SUM(J87:K89) -> 1901740
A92: OTROS COSTOS DIRECTOS (4)
A93: Otros Costos Directos | B93: CANTIDAD | E93: No DE MESES | H93: VR UNITARIO | J93: VALOR TOTAL
A94: Edición de informes, papelería, reproducción de documentos, planos, fotografías, videos, etc. | B94: 1 | E94: 1 | H94: 250000 | J94: =ROUND(E94*H94,0) -> 250000
A95: Comunicaciones (telefonía fija y/o celular, fax,correo, internet, etc) | B95: 1 | E95: 1 | H95: 100000 | J95: =ROUND(E95*H95,0) -> 100000
A97: SUBTOTAL COSTOS DIRECTOS VARIABLES (2) | J97: =SUM(J94:K96) -> 350000
A99: SUBTOTAL COSTOS interventoria Geológicos y geomorfológicos, estabilidad de taludes, terraplenes y puntos críticos | J99: =+J90+J97 -> 2251740
A102: Estudio hidráulico e hidrología
A103: PERSONAL PROFESIONAL (1)
A104: CONCEPTO | B104: A | C104: A | D104: B | F104: C | G104: D | H104: E | J104: F
A105: Personal Profesional | B105: CANTIDAD | C105: SUELDO BÁSICO | D105: % DEDICACIÓN | F105: FACTOR MULT. | G105: VALOR MES (AxBxC) | H105: No DE MESES | J105: TOTAL (DxE)
A106: Director de interventorÍa | B106: 1 | C106: =+$C$9 -> 6710444 | D106: 0.1 | F106: 2.18 | G106: =ROUND(C106*D106*F106*B106,0) -> 1462877 | H106: 0.3 | J106: =ROUND(G106*H106,0) -> 438863
A107: Especialista | B107: 1 | C107: =+$C$9 -> 6710444 | D107: 0.2 | F107: 2.18 | G107: =ROUND(C107*D107*F107*B107,0) -> 2925754 | H107: 0.3 | J107: =ROUND(G107*H107,0) -> 877726
A109: SUBTOTAL COSTO PERSONAL PROFESIONAL (1) | J109: =SUM(J106:K108) -> 1316589
A111: OTROS COSTOS DIRECTOS (4)
A112: Otros Costos Directos | B112: CANTIDAD | E112: No DE MESES | H112: VR UNITARIO | J112: VALOR TOTAL
A113: Edición de informes, papelería, reproducción de documentos, planos, fotografías, videos, etc. | B113: 1 | E113: 1 | H113: 250000 | J113: =ROUND(E113*H113,0) -> 250000
A114: Comunicaciones (telefonía fija y/o celular, fax,correo, internet, etc) | B114: 1 | E114: 1 | H114: 100000 | J114: =ROUND(E114*H114,0) -> 100000
A116: SUBTOTAL COSTOS DIRECTOS VARIABLES (2) | J116: =SUM(J113:K115) -> 350000
A118: SUBTOTAL COSTOS interventoria Estudio hidráulico e hidrología | J118: =+J109+J116 -> 1666589
A121: diseño de pavimentos
A122: PERSONAL PROFESIONAL (1)
A123: CONCEPTO | B123: A | C123: A | D123: B | F123: C | G123: D | H123: E | J123: F
A124: Personal Profesional | B124: CANTIDAD | C124: SUELDO BÁSICO | D124: % DEDICACIÓN | F124: FACTOR MULT. | G124: VALOR MES (AxBxC) | H124: No DE MESES | J124: TOTAL (DxE)
A125: Director de interventorÍa | B125: 1 | C125: =+$C$9 -> 6710444 | D125: 0.1 | F125: 2.18 | G125: =ROUND(C125*D125*F125*B125,0) -> 1462877 | H125: 0.3 | J125: =ROUND(G125*H125,0) -> 438863
A126: Especialista | B126: 1 | C126: =+$C$9 -> 6710444 | D126: 0.2 | F126: 2.18 | G126: =ROUND(C126*D126*F126*B126,0) -> 2925754 | H126: 0.2 | J126: =ROUND(G126*H126,0) -> 585151
A128: SUBTOTAL COSTO PERSONAL PROFESIONAL (1) | J128: =SUM(J125:K127) -> 1024014
A130: OTROS COSTOS DIRECTOS (4)
A131: Otros Costos Directos | B131: CANTIDAD | E131: No DE MESES | H131: VR UNITARIO | J131: VALOR TOTAL
A132: Edición de informes, papelería, reproducción de documentos, planos, fotografías, videos, etc. | B132: 1 | E132: 1 | H132: 250000 | J132: =ROUND(E132*H132,0) -> 250000
A133: Comunicaciones (telefonía fija y/o celular, fax,correo, internet, etc) | B133: 1 | E133: 1 | H133: 100000 | J133: =ROUND(E133*H133,0) -> 100000
A135: SUBTOTAL COSTOS DIRECTOS VARIABLES (2) | J135: =SUM(J132:K134) -> 350000
A137: SUBTOTAL COSTOS interventoria diseño de pavimentos GRUPO I | J137: =+J128+J135 -> 1374014
A140: diseño estructural
A141: PERSONAL PROFESIONAL (1)
A142: CONCEPTO | B142: A | C142: A | D142: B | F142: C | G142: D | H142: E | J142: F
A143: Personal Profesional | B143: CANTIDAD | C143: SUELDO BÁSICO | D143: % DEDICACIÓN | F143: FACTOR MULT. | G143: VALOR MES (AxBxC) | H143: No DE MESES | J143: TOTAL (DxE)
A144: Director de interventorÍa | B144: 1 | C144: =+$C$9 -> 6710444 | D144: 0.1 | F144: 2.18 | G144: =ROUND(C144*D144*F144*B144,0) -> 1462877 | H144: 1 | J144: =ROUND(G144*H144,0) -> 1462877
A145: Especialista | B145: 1 | C145: =+$C$9 -> 6710444 | D145: 0.35 | F145: 2.18 | G145: =ROUND(C145*D145*F145*B145,0) -> 5120069 | H145: 1.5 | J145: =ROUND(G145*H145,0) -> 7680104
...

Sheet ppto
C2: Formulario 1 - Formulario propuesta económica - Consultoría de estudios de ingeniería de infraestructura de transporte
C3: Código | D3: CCE-EICP-FM-96 | G3: Versión | H3: 1
C6: INTERVENTORÍA TÉCNICA, ADMINISTRATIVA, JURÍDICA Y FINANCIERA A LOS CONTRATOS DE ESTUDIOS Y DISEÑOS DEFINITIVOS (FASE 3) PARA LA CONSTRUCCION DE INFRAESTRUCTURA DE LAS INTERSECCIONES PARA GRUPO 1 - ESTUDIOS Y DISEÑOS DEFINITVOS FASE 3 PARA INTERSECCION INGRESO A BARRIOS LA FRANCIA Y ALCAZARES EN EL SECTOR DEL PARQUE DEL AGUA DE LA CIUDAD DE MANIZALES
C8: FORMULARIO 1 - GLOBAL
C9: [La Entidad puede utilizar este formulario para determinar las condiciones bajo las cuales los Proponentes presentarán su propuesta económica de forma global, sin perjuicio que puedan modificarlo o presenten la oferta económica con un formulario distinto. Es presentado a modo ilustrativo y como una sugerencia]
C10: VALOR GLOBAL DE LA CONSULTORÍA
C11: ÍTEM | D11: DESCRIPCIÓN | G11: VALOR OFERTA
C13: 1 | D13: Valor de su propuesta sin IVA | G13: =SUM(H19:H39) -> 0
C14: 2 | D14: Valor del IVA | G14: =+ROUND(G13*0.19,0) -> 0
C15: 3 | D15: Valor Total de la Propuesta | G15: =SUM(G13:H14) -> 0
C17: VALORES OFICIALES PARA LOS ITEMS A PAGAR POR PRECIOS UNITARIOS PARA LOS ENSAYOS DE LABORATORIO (en caso de aplicar)
C18: ÍTEM | D18: DESCRIPCIÓN | E18: UNIDAD | G18: VALOR BASICO UNITARIO OFICIAL (sin IVA) | H18: VALOR BASICO UNITARIO PROPUESTO (sin IVA)
C19: 1 | D19: Levantamiento topografico | E19: und | G19: =+F20 -> 3208077
D20: Interventoria al Levantamiento topografico | F20: =+'analisis int diseños fase 3'!J21 -> 3208077
C21: 2 | D21: Estudio de transito | E21: und | G21: =+F22 -> 8030104
D22: Interventoria al estudio de transito | F22: =+'analisis int diseños fase 3'!J40 -> 8030104
C23: 3 | D23: Estudio de trazados y diseño geometrico | E23: gl | G23: =+F24 -> 5470069
D24: interventoria trazados y diseño geometrico de vias | F24: =+'analisis int diseños fase 3'!J60 -> 5470069
C25: 4 | D25: Estudios de suelos para diseños de fundaciones de puentes muros y estabilidad de taludes | E25: gl | G25: =+F26 -> 3714617
D26: Interventoria estudio de suelos y diseño fundaciones | F26: =+'analisis int diseños fase 3'!J79 -> 3714617
C27: 5 | D27: Estudio Geológicos y geomorfológicos, estabilidad de taludes, terraplenes y puntos críticos, zonas de disposición de sobrantes y fuentes de materiales. | E27: gl | G27: =+F28 -> 2251740
D28: Interventoria a estudios geologicos geomorfologicos estabilidad etc | F28: =+'analisis int diseños fase 3'!J99 -> 2251740
C29: 6 | D29: Estudio hidráulico e hidrología, manejo de aguas lluvias. | E29: gl | G29: =+F30 -> 1666589
D30: Interventoria al estudio hidraulico e hidrologia manejo de aguas lluvias | F30: =+'analisis int diseños fase 3'!J118 -> 1666589
C31: 7 | D31: Diseño de pavimentos. | E31: gl | G31: =+F32 -> 1374014
D32: Interventoria al Diseño de pavimentos | F32: =+'analisis int diseños fase 3'!J137 -> 1374014
C33: 8 | D33: Diseño estructural de puentes, muros y pantallas e.t.c | E33: gl | G33: =+F34 -> 9492981
D34: Interventoria al Diseño estructural de puentes, muros y pantallas | F34: =+'analisis int diseños fase 3'!J156 -> 9492981
C35: 9 | D35: Inventario de redes de servicio públicos existentes y determinación del impacto de las mismas en el diseño definitivo. | E35: gl | G35: =+F36 -> 1374014
D36: Interventoria al Inventario de redes de servicios publicos | F36: =+'analisis int diseños fase 3'!J175 -> 1374014
C37: 10 | D37: Diseño de urbanismo y paisajismo señalización vial y de la iluminación | E37: gl | G37: =+F38 -> 5690122
D38: Interventoria al diseño de urbanismo | F38: =+'analisis int diseños fase 3'!J196 -> 5690122
C39: 11 | D39: Elaboración de presupuesto y cronograma de obra, calculo de cantidades de obra, costos y presupuesto de obra civil. | E39: gl | G39: =+F40 -> 2363994
D40: Interventoria a elaboracion de presupuestos | F40: =+'analisis int diseños fase 3'!J215 -> 2363994
D42: PRESUPUESTO OFICIAL GRUPO 1 (antes de IVA) | G42: =SUM(G19:G39) -> 44636321
D43: IVA | G43: =+ROUND(G42*0.19,0) -> 8480901
D44: PRESUPUESTO OFICIAL TOTAL GRUPO 1 | G44: =SUM(G42:G43) -> 53117222
C46: FIRMAS:
C49: Nombre y firma del representante legal del Proponente | H49: Nombre y firma del Proponente

Sheet F1-formulario de la propuesta
C2: Formulario 1 - Formulario propuesta económica - Consultoría de estudios de ingeniería de infraestructura de transporte
C3: Código | D3: CCE-EICP-FM-96 | G3: Versión | H3: 1
C6: INTERVENTORÍA TÉCNICA, ADMINISTRATIVA, JURÍDICA Y FINANCIERA A LOS CONTRATOS DE ESTUDIOS Y DISEÑOS DEFINITIVOS (FASE 3) PARA LA CONSTRUCCION DE INFRAESTRUCTURA DE LAS INTERSECCIONES PARA GRUPO 1 - ESTUDIOS Y DISEÑOS DEFINITVOS FASE 3 PARA INTERSECCION INGRESO A BARRIOS LA FRANCIA Y ALCAZARES EN EL SECTOR DEL PARQUE DEL AGUA DE LA CIUDAD DE MANIZALES
C8: FORMULARIO 1 - GLOBAL
C9: [La Entidad puede utilizar este formulario para determinar las condiciones bajo las cuales los Proponentes presentarán su propuesta económica de forma global, sin perjuicio que puedan modificarlo o presenten la oferta económica con un formulario distinto. Es presentado a modo ilustrativo y como una sugerencia]
C10: VALOR GLOBAL DE LA CONSULTORÍA
C11: ÍTEM | D11: DESCRIPCIÓN | G11: VALOR OFERTA
C13: 1 | D13: Valor de su propuesta sin IVA | G13: =SUM(H19:H39) -> 0
C14: 2 | D14: Valor del IVA | G14: =+ROUND(G13*0.19,0) -> 0
C15: 3 | D15: Valor Total de la Propuesta | G15: =SUM(G13:H14) -> 0
C17: VALORES OFICIALES PARA LOS ITEMS A PAGAR POR PRECIOS UNITARIOS PARA LOS ENSAYOS DE LABORATORIO (en caso de aplicar)
C18: ÍTEM | D18: DESCRIPCIÓN | E18: UNIDAD | G18: VALOR BASICO UNITARIO OFICIAL (sin IVA) | H18: VALOR BASICO UNITARIO PROPUESTO (sin IVA)
C19: 1 | D19: Levantamiento topografico | E19: und
D20: Interventoria al Levantamiento topografico
C21: 2 | D21: Estudio de transito | E21: und
D22: Interventoria al estudio de transito
C23: 3 | D23: Estudio de trazados y diseño geometrico | E23: gl
D24: interventoria trazados y diseño geometrico de vias
C25: 4 | D25: Estudios de suelos para diseños de fundaciones de puentes muros y estabilidad de taludes | E25: gl
D26: Interventoria estudio de suelos y diseño fundaciones
C27: 5 | D27: Estudio Geológicos y geomorfológicos, estabilidad de taludes, terraplenes y puntos críticos, zonas de disposición de sobrantes y fuentes de materiales. | E27: gl
D28: Interventoria a estudios geologicos geomorfologicos estabilidad etc
C29: 6 | D29: Estudio hidráulico e hidrología, manejo de aguas lluvias. | E29: gl
D30: Interventoria al estudio hidraulico e hidrologia manejo de aguas lluvias
C31: 7 | D31: Diseño de pavimentos. | E31: gl
D32: Interventoria al Diseño de pavimentos
C33: 8 | D33: Diseño estructural de puentes, muros y pantallas e.t.c | E33: gl
D34: Interventoria al Diseño estructural de puentes, muros y pantallas
C35: 9 | D35: Inventario de redes de servicio públicos existentes y determinación del impacto de las mismas en el diseño definitivo. | E35: gl
D36: Interventoria al Inventario de redes de servicios publicos
C37: 10 | D37: Diseño de urbanismo y paisajismo señalización vial y de la iluminación | E37: gl
D38: Interventoria al diseño de urbanismo
C39: 11 | D39: Elaboración de presupuesto y cronograma de obra, calculo de cantidades de obra, costos y presupuesto de obra civil. | E39: gl
D40: Interventoria a elaboracion de presupuestos
D42: PRESUPUESTO OFICIAL GRUPO 1 (antes de IVA) | G42: =SUM(G19:G39) -> 0
D43: IVA | G43: =+ROUND(G42*0.19,0) -> 0
D44: PRESUPUESTO OFICIAL TOTAL GRUPO 1 | G44: =SUM(G42:G43) -> 0
C46: FIRMAS:
C49: Nombre y firma del representante legal del Proponente | H49: Nombre y firma del Proponente
